 Dungeon Crawl Stone Soup version 0.31-a0-472-g43a2ca8e1b (console) character file.

Game seed: 6143760800998068070

2 Lexodia the Caller (level 1, -4/10 HPs)
             Began as a Tengu Summoner on Aug 6, 2023.
             Slain by a goblin
             ... wielding a +2 dagger of freezing
              (5 damage)
             ... on level 1 of the Dungeon.
             The game lasted 00:00:40 (100 turns).

Lexodia the Caller (Tengu Summoner)                  Turns: 100, Time: 00:00:41

Health: -4/10      AC:  2    Str:  8    XL:     1   Next: 30%
Magic:  1/4        EV: 12    Int: 15    God:
Gold:   7          SH:  0    Dex: 14    Spells: 3/4 levels left

rFire   . . .        (no weapon)
rCold   . . .        (no shield)
rNeg    . . .        a - +0 robe
rPois   .            (helmet restricted)
rElec   .            (no cloak)
rCorr   .            (no gloves)
SInv    .            (boots unavailable)
Will    .....        (no amulet)
Stlth   ++           (no ring)
HPRegen 0.21/turn    (no ring)
MPRegen 0.09/turn

%: no passive effects
@: no status effects
A: beak, talons 3
a: no special abilities


You were on level 1 of the Dungeon.
You visited 1 branch of the dungeon, and saw 1 of its levels.

You collected 7 gold pieces.

Inventory:

Armour
 a - a +0 robe (worn)
Scrolls
 c - a scroll of identify {unknown}
Potions
 b - a potion of magic


   Skills:
 + Level 2.2 Dodging
 + Level 2.0 Stealth
 + Level 2.0 Spellcasting
 + Level 4.8 Summonings


You had 3 spell levels left.
You knew the following spells:

 Your Spells              Type           Power      Damage    Failure   Level
a - Summon Small Mammal   Summ           64%        N/A       3%          1

Your spell library contained the following spells:

 Spells                   Type           Power      Damage    Failure   Level
 Call Imp                 Summ           32%        N/A       4%          2
 Call Canine Familiar     Summ           16%        N/A       9%          3
 Summon Guardian Golem    Hex/Summ       8%         N/A       24%         3
 Summon Lightning Spire   Summ/Air       8%         N/A       63%         4


Dungeon Overview and Level Annotations

Branches:
Dungeon (1/15)

Altars:


Innate Abilities, Weirdness & Mutations

You have a beak for a mouth.
You have claws for feet.


Message History

Your bat barely misses the hobgoblin.
Unknown command.
You barely miss the hobgoblin. Your kick misses the hobgoblin.
The hobgoblin is moderately wounded.
The hobgoblin barely misses you.
Your rat barely misses the hobgoblin.
You hit the hobgoblin. You claw the hobgoblin.
You kill the hobgoblin!
You swap places.
Magic restored.
Your rat disappears in a puff of smoke!
HP restored.
Your bat disappears in a puff of smoke!
You now have 7 gold pieces.
Found a sling.
c - a scroll labelled AWILOBL NEEMON A quokka comes into view.
A kobold and a giant cockroach come into view.
The kobold shouts!
You hear a shout!
The giant cockroach enters a dispersal trap!
The kobold blinks! x3; You blink.
The giant cockroach blinks!
The goblin hits you with a +2 dagger of freezing.
The goblin freezes you.
Huge Dmg: -30%(-3hp) hp: 70%(7hp)
The giant cockroach closely misses you.
The quokka enters a dispersal trap!
The giant cockroach blinks!
The goblin blinks!
The kobold blinks!
Your rat blinks!
The giant cockroach blinks!
You blink.
The goblin closely misses you.
Your bat closely misses the goblin.
The kobold hits you with a +0 dagger.
The goblin hits you with a +2 dagger of freezing.
* * * LOW HITPOINT WARNING * * *
The goblin freezes you.
* * * LOW HITPOINT WARNING * * *
Huge Dmg: -60%(-6hp) hp: 10%(1hp)
Your rat barely misses the kobold.
The kobold hits you with a +0 dagger.
* * * LOW HITPOINT WARNING * * *
Your bat barely misses the kobold.
The goblin attacks as you move away!
The goblin hits you with a +2 dagger of freezing.
Ouch! That really hurt!
You die...

##.##..##.###........#
#...........).......#####.#
###...##.###..............#
##..##.# #...............
###..##.###.####+#.#######
#....>......##.....#
#....#########.....# #....#
#g.r..# #....# #@KB..#####
#. ##.b.......# .
#..........r..
#####.....r#ยง# #.r...##
.......# ........
........## .......


You could see a quokka, a giant cockroach, a goblin (ally target), a kobold
(ally target), a friendly bat (summoned) and a friendly rat (summoned).

Vanquished Creatures
  A hobgoblin (D:1)
  A kobold (D:1)
2 creatures vanquished.

Notes
Turn   | Place    | Note
-------+----------+-------------------------------------------
     0 | D:1      | Lexodia the Tengu Summoner began the quest for the Orb.
     0 | D:1      | Reached XP level 1. HP: 10/10 MP: 4/4
    28 | D:1      | Huge Dmg: 2 dmg
    30 | D:1      | Huge Dmg: 5 dmg
    97 | D:1      | Huge Dmg: 3 dmg
    99 | D:1      | Huge Dmg: 6 dmg
   100 | D:1      | Slain by a goblin

Illustrated notes

Levels and vault maps discovered:
D:1:      ncdulo_halloftheorcs, layout_basic, serial_shops,
          nicolae_shop_tiny_glass, minmay_pentomino_x4

Action                     || total
---------------------------++-------
  Melee: Unarmed           ||     7
         Kick              ||     2
   Cast: Summon Small Mamm ||     5
  Dodge: Dodged            ||     7

Table legend: (Time is in decaauts)
 A = Elapsed time spent in this place.
 B = Non-inter-level travel time spent in this place.
 C = Inter-level travel time spent in this place.
 D = Time resting spent in this place.
 E = Time spent auto-exploring this place.
 F = Levels seen in this place.
 G = Mean time per level.
                   A        B        C        D        E       F      G
               +--------+--------+--------+--------+--------+-----+--------+
         Total |    100 |    100 |      0 |      0 |     67 |   1 |  100.0 |
       Dungeon |    100 |    100 |      0 |      0 |     67 |   1 |  100.0 |
               +--------+--------+--------+--------+--------+-----+--------+

Top non-repeatable levels by time:
     D:1: 100 daAuts
